 Dungeon Crawl Stone Soup version 0.22-a0-348-gd16d139 (webtiles) character file.

114 iamserjio the Insei (level 4, 1/28 HPs)
             Began as an Octopode Transmuter on Apr 10, 2018.
             Quit the game on level 4 of the Dungeon.
             The game lasted 00:08:34 (3478 turns).

iamserjio the Insei (Octopode Transmuter)           Turns: 3478, Time: 00:08:35

Health: 1/28       AC:  1    Str:  9    XL:     4   Next: 98%
Magic:  6/7        EV: 13    Int: 13    God:
Gold:   173        SH:  0    Dex: 13    Spells: 6/7 levels left

rFire    . . .     SeeInvis .     - Unarmed
rCold    . . .     Gourm    .   (no shield)
rNeg     . . .     Faith    .   (helmet restricted)
rPois    .         Spirit   .   (no amulet)
rElec    .         Reflect  .   d - ring of protection from magic
rCorr    .         Harm     .   l - -2 ring of intelligence (curse)
MR       +....                  (no ring)
Stlth    +++.......             (no ring)
HPRegen  0.09/turn              (no ring)
MPRegen  0.10/turn              (no ring)
                                (no ring)
                                (no ring)

@: appendage (expiring)
A: almost no armour, stealthy swim, amphibious, 8 rings, constrict 8, tentacle
spike 3, camouflage 1, deterioration 1, sense surroundings 1, gelatinous body 1
a: End Transformation


You were on level 4 of the Dungeon.
You were near starving.
One of your tentacles had a temporary spike.
You visited 1 branch of the dungeon, and saw 4 of its levels.

You collected 173 gold pieces.

Inventory:

Hand Weapons
 p - a +0 hunting sling
Missiles
 a - 44 arrows
 b - 62 stones (quivered)
Jewellery
 d - a ring of protection from magic (left tentacle)
 l - a cursed -2 ring of intelligence (right tentacle)
 m - an uncursed ring of fire
Scrolls
 f - 2 scrolls of blinking {unknown}
 g - a scroll of amnesia {unknown}
 h - a scroll of remove curse {unknown}
 i - 2 scrolls of identify {unknown}
 j - a scroll of fog {unknown}
 n - a scroll of immolation {unknown}
 o - a scroll of magic mapping {unknown}
Potions
 e - a potion of brilliance {unknown}
 k - a potion of mutation
 q - a potion of curing {unknown}
Comestibles
 c - 3 rations


   Skills:
 - Level 1.0 Fighting
 - Level 2.0 Dodging
 + Level 3.4 Stealth
 * Level 4.8 Unarmed Combat
 - Level 2.0 Spellcasting
 - Level 2.0 Transmutations


You had 6 spell levels left.
You knew the following spells:

 Your Spells              Type           Power        Failure   Level  Hunger
a - Beastly Appendage     Tmut           #.....       11%         1    ##.....


Dungeon Overview and Level Annotations

Branches:
Dungeon (4/15)
 Temple: D:4-7

Altars:
Dithmenos
Gozag
Uskayaw

Annotations:
D:3 iamserjio's ghost, amateur OpMo


Innate Abilities, Weirdness & Mutations

You cannot wear most types of armour.
You are very stealthy in the water. (Stealth+)
You are amphibious.
You can wear up to eight rings at the same time.
You can use your tentacles to constrict eight enemies at once.
Your skin changes colour to match your surroundings (Stealth+).
Your rubbery body absorbs attacks. (AC +1, EV +1)
One of your tentacles bears a large vicious spike.
Your body sometimes deteriorates upon taking damage.
You passively map a small area around you.


Message History

You constrict the gnoll. The gnoll barely misses you.
The gnoll closely misses you.
You tentacle-slap the gnoll.
You kill the gnoll!
You closely miss the gnoll. You grab the gnoll.
You squeeze the gnoll, but do no damage.
Your transformation is almost over.
You constrict the gnoll, but do no damage.
The gnoll hits you.
* * * LOW HITPOINT WARNING * * *
You tentacle-slap the gnoll.
The gnoll is lightly wounded.
You constrict the gnoll, but do no damage.
The gnoll closely misses you. The gnoll hits you with a club.
* * * LOW HITPOINT WARNING * * *
It was a potion of mutation.
You feel extremely strange.
You feel yourself wasting away.
You feel a strange attunement to the structure of the dungeons.
You constrict the gnoll. The gnoll closely misses you. The gnoll misses you.
Are you sure you want to abandon this character and quit the game? (Confirm with "yes".)

### * ##@#
######gg#
.......(# ,
**........#
......... *
* ,
.......... ,
* , *
...........
....##.....g
, ..##
#....... ,


You could see 2 gnolls.

Vanquished Creatures
  3 adders (D:2)
  A gnoll (D:4)
  An ooze (D:2)
  3 worms (D:2)
  3 dart slugs
  4 leopard geckos
  A ball python (D:2)
  3 bats (D:1)
  2 giant cockroaches (D:2)
  5 goblins
  5 hobgoblins
  6 jackals
  7 kobolds
  2 frilled lizards (D:2)
  7 rats
53 creatures vanquished.

Notes
Turn   | Place    | Note
-------+----------+-------------------------------------------
     0 | D:1      | iamserjio the Octopode Transmuter began the quest for the Orb.
     0 | D:1      | Reached XP level 1. HP: 13/13 MP: 3/3
   476 | D:1      | Reached skill level 1 in Stealth
   479 | D:1      | Reached XP level 2. HP: 7/18 MP: 5/5
  1070 | D:1      | Reached XP level 3. HP: 17/23 MP: 6/6
  1278 | D:2      | Reached skill level 4 in Unarmed Combat
  1874 | D:2      | Reached XP level 4. HP: 20/28 MP: 7/7
  2558 | D:2      | Found a shadowy altar of Dithmenos.
  3029 | D:2      | Found a hide-covered altar of Uskayaw.
  3203 | D:3      | Found an opulent altar of Gozag.
  3226 | D:3      | Noticed iamserjio's ghost (amateur OpMo)
  3476 | D:4      | HP: 1/28 [gnoll/club (5)]
  3477 | D:4      | Gained mutation: Your body sometimes deteriorates upon taking damage. [potion of mutation]
  3477 | D:4      | Gained mutation: You passively map a small area around you. [potion of mutation]
  3478 | D:4      | Quit the game

Vault maps used:
D:1:      dpeg_arrival_rhombus, minmay_misc_feat_chi
D:2:      nicolae_overflow_hidden_temple
D:3:      lemuel_zombie_altar_kikubaaqudgha, first_ration,
          grunt_gozag_breadcrumbs
D:4:      good_gods_mini_temple, lemuel_crystal_altar, serial_shops, shop

Skill      XL: |  1  2  3  4 |
---------------+-------------+-----
Stealth        | 1 2 3 |  3.4
Unarmed Combat | 4 |  4.8
Fighting       | |  1.0
Dodging        | |  2.0
Spellcasting   | |  2.0
Transmutations | |  2.0

Action                   |  1- 3 |  4- 6 || total
-------------------------+-------+-------++-------
Melee: Unarmed           |    68 |    61 ||   129
       Constrict         |    21 |    12 ||    33
       Tentacles         |    10 |    15 ||    25
       Punch             |     2 |       ||     2
       Kick              |       |     1 ||     1
 Cast: Beastly Appendage |     1 |     2 ||     3
  Use: Potion            |       |     1 ||     1
 Stab: Sleeping          |     6 |    10 ||    16
  Eat: Chunk             |     3 |     3 ||     6
Armor: Skin              |    12 |     2 ||    14
Dodge: Dodged            |    44 |    29 ||    73

Table legend:
 A = Spawn XP
 B = Non-spawn XP
 C = Spawn XP percentage of total XP
 D = Spawn monster count
 E = Non-spawn monster count
 F = Spawn count percentage of total count
 G = Total turns spent on level
                    A         B        C        D         E        F      G
               +---------+---------+-------+---------+---------+-------+---------
         Total |       0 |     164 |   0.0 |       0 |      53 |   0.0 |  3478
               +---------+---------+-------+---------+---------+-------+---------
           D:1 |       0 |      38 |   0.0 |       0 |      18 |   0.0 |  1270
           D:2 |       0 |     109 |   0.0 |       0 |      32 |   0.0 |  1903
           D:3 |       0 |       3 |   0.0 |       0 |       2 |   0.0 |    92
           D:4 |       0 |      14 |   0.0 |       0 |       1 |   0.0 |   213
               +---------+---------+-------+---------+---------+-------+---------
